 Dungeon Crawl Stone Soup version 0.32-a0-587-gb28a26c (webtiles) character file.

Game seed: 15855275769219807823

2016 Remcycle the Cleaver (level 9, -9/62 HPs)
             Began as a Coglin Gladiator on Mar 2, 2024.
             Was an Initiate of Makhleb.
             Mangled by an orc warrior
             ... wielding a +0 flail
              (11 damage)
             ... on level 7 of the Dungeon.
             The game lasted 00:15:03 (6131 turns).

Remcycle the Cleaver (Coglin Gladiator)             Turns: 6131, Time: 00:15:04

Health: -9/62      AC:  5    Str: 19    XL:     9   Next: 23%
Magic:  9/9        EV: 12    Int:  7    God:    Makhleb [......]
Gold:   959        SH:  0    Dex: 16    Spells: 8/8 levels left

rFire   . . .        u - +1 hand axe (venom) {Liang}
rCold   . . .        o - +0 falchion {Ahmose}
rNeg    . . .        b - +0 leather armour
rPois   .            c - +1 helmet
rElec   .            (no cloak)
rCorr   .            (no gloves)
SInv    .            (no boots)
Will    .....        (amulet unavailable)
Stlth   +            (ring unavailable)
HPRegen 0.30/turn    (ring unavailable)
MPRegen 0.11/turn    (no gizmo)

%: no passive effects
@: confused, brilliant, revving
A: off-hand wielding, slow wielding, warmup strikes, no jewellery
a: Invent Gizmo, Renounce Religion


You were on level 7 of the Dungeon.
You worshipped Makhleb.
Makhleb was noncommittal.
You visited 2 branches of the dungeon, and saw 8 of its levels.

You collected 1055 gold pieces.
You spent 96 gold pieces at shops.

Inventory:

Hand Weapons
 o - a +0 falchion (offhand) {Ahmose}
 u - a +1 hand axe of venom (weapon) {Liang}
Armour
 b - a +0 leather armour (worn)
 c - a +1 helmet (worn)
Wands
 l - a wand of mindburst (17)
 m - a wand of paralysis (7)
 s - a wand of polymorph (6)
Scrolls
 f - a scroll of vulnerability {unknown}
 j - a scroll of poison
 k - 2 scrolls of teleportation
 t - a scroll of blinking
Potions
 a - a potion of invisibility {unknown}
 d - a potion of brilliance
 e - a potion of lignification {unknown}
 g - a potion of berserk rage {unknown}
 h - 2 potions of haste {unknown}
 i - 3 potions of mutation
 q - 2 potions of might {unknown}
 v - 4 potions of curing


   Skills:
 + Level 2.4 Fighting
 + Level 7.6 Long Blades
 + Level 9.0 Axes
 - Level 1.7 Throwing
 + Level 1.1 Armour
 + Level 3.0 Dodging


You had 8 spell levels left.
You didn't know any spells.
Your spell library contained the following spells:

 Spells                   Type           Power      Damage    Failure   Level
 Shock                    Conj/Air       0%         1d3       50%         1
 Cigotuvi's Dreadful Rot  Necr/Alch/Air  0%         N/A       63%         2
 Scorch                   Fire           0%         2d5       63%         2
 Fugue of the Fallen      Necr           0%         N/A       86%         3
 Ozocubu's Armour         Ice            0%         N/A       86%         3
 Swiftness                Air            0%         N/A       86%         3
 Airstrike                Air            0%         2d(0-16)  99%         4
 Dispel Undead            Necr           0%         3d6       99%         4
 Flame Wave               Conj/Fire      0%         2d4       99%         4
 Manifold Assault         Tloc           0%         N/A       99%         4
 Martyr's Knell           Necr/Summ      0%         N/A       99%         4
 Death Channel            Necr           0%         N/A       100%        6
 Summon Cactus Giant      Summ           0%         N/A       100%        6


Dungeon Overview and Level Annotations

Branches:
Dungeon (7/15)             Temple (1/1) D:6

Altars:
Ashenzari
Cheibriados
Elyvilon
Fedhas
Gozag
Kikubaaqudgha
Makhleb
Nemelex Xobeh
Qazlal
Ru
Sif Muna
Trog
Uskayaw
Vehumet
Wu Jian
Xom
Yredelemnul
Zin
The Shining One

Shops:
D:4 !


Innate Abilities, Weirdness & Mutations

You can wield a second weapon in your off-hand.
It takes a long time for you to wield or remove held weapons.
Your first few attacks do less damage.
You cannot equip rings or amulets.


Message History

The bolt hits you!
You completely miss the orc priest with your +1 hand axe of venom.
You hit the orc priest but do no damage.
The orc priest closely misses you.
You barely miss the orc with your +0 falchion.
You hit the orc with your +1 hand axe of venom.
The orc is poisoned.
You completely miss the orc priest with your +1 hand axe of venom.
The orc hits you with a +0 hand axe.
You hit the orc priest but do no damage. x2
You hit the orc with your +1 hand axe of venom.
You kill the orc!
Makhleb accepts your kill.
You hit something but do no damage.
You hear some strange, mumbled words.
You are confused.
The orc priest invokes the aid of Beogh against you.
Beogh smites you!
You hit the orc priest with your +0 falchion.
The orc priest is moderately wounded.
You closely miss the orc priest with your +1 hand axe of venom.
You miss the orc warrior with your +1 hand axe of venom.
You hit something but do no damage.
The orc priest hits you but does no damage.
Something hits you.
The orc warrior unwields a +0 arbalest.
The orc warrior wields a +0 flail.
The orc warrior hits you with a +0 flail.
* * * LOW HITPOINT WARNING * * *
You're too confused to move!
The orc priest calls down the wrath of Beogh upon you.
Beogh smites you!
* * * LOW HITPOINT WARNING * * *
You hear some strange, mumbled words.
A magic dart appears from out of thin air!
The magic dart hits you.
* * * LOW HITPOINT WARNING * * *
It was a potion of brilliance.
You feel clever all of a sudden.
The orc warrior hits you with a +0 flail!
You die...

###........... ##.?.##
#............. #......##
##............
#.......## ##...........
#........## ##..........
#[.......?####..........
...........##.##........
......)oo...#.###.......
......{@......# #######
..............##
#.......)......##
#...............#
#....)..........#
#..............##
##............##
##............#
####.....###..#


You could see an orc warrior and an orc priest.

Vanquished Creatures
  A hornet (D:6)
  A water moccasin (D:7)
  A sky beast (D:6)
  An ogre (D:5)
  A phantom (D:5)
  A bullfrog (D:6)
  3 wyvern zombies (D:6)
  4 scorpions
  2 water moccasin zombies (D:6)
  2 howler monkeys (D:5)
  A centaur zombie (D:6)
  A bullfrog zombie (D:6)
  4 hounds
  2 jellies (D:4)
  2 orc priests
  6 iguanas
  5 orc wizards
  A gnoll (D:3)
  8 adders
  A shadow imp (D:5)
  A dart slug (D:5)
  4 ribbon worms
  17 orcs
  7 endoplasms
  5 giant cockroaches
  6 goblins
  12 hobgoblins
  8 jackals
  2 kobolds
  2 quokkas (D:2)
  10 ball pythons
  6 bats
  2 frilled lizards
  5 rats
135 creatures vanquished.

Notes
Turn   | Place    | Note
-------+----------+-------------------------------------------
     0 | D:1      | Remcycle the Coglin Gladiator began the quest for the Orb.
     0 | D:1      | Reached XP level 1. HP: 16/16 MP: 1/1
   180 | D:1      | You fall into a shaft and drop 1 floor!
   180 | D:2      | Found a sacrificial altar of Ru.
   231 | D:2      | Reached XP level 2. HP: 22/22 MP: 2/2
   385 | D:2      | Reached skill level 4 in Axes
   385 | D:2      | Reached XP level 3. HP: 27/27 MP: 3/3
  1126 | D:2      | Found a faded altar of an unknown god.
  1623 | D:3      | Reached XP level 4. HP: 33/33 MP: 4/4
  1625 | D:3      | Reached skill level 1 in Long Blades
  1938 | D:4      | Reached skill level 5 in Axes
  1938 | D:4      | Reached XP level 5. HP: 9/38 MP: 5/5
  2191 | D:3      | Found a sparkling altar of Nemelex Xobeh.
  2265 | D:3      | Reached XP level 6. HP: 38/44 MP: 6/6
  2513 | D:3      | HP: 1/44 [something/puff of flame (5)]
  2753 | D:4      | Reached skill level 6 in Axes
  2765 | D:4      | Identified a scroll of acquirement
  2765 | D:4      | Acquired 707 gold pieces
  2901 | D:4      | Found Ykkot's Distillery.
  2909 | D:4      | Bought a potion of mutation for 96 gold pieces
  3293 | D:5      | Entered Level 5 of the Dungeon
  3320 | D:5      | Found a stormy altar of Qazlal.
  3327 | D:5      | Reached XP level 7. HP: 50/50 MP: 7/7
  3754 | D:5      | Reached skill level 5 in Long Blades
  3885 | D:5      | Reached skill level 7 in Axes
  4109 | D:5      | Reached XP level 8. HP: 32/56 MP: 8/8
  4742 | D:6      | Found a staircase to the Ecumenical Temple.
  4749 | Temple   | Entered the Ecumenical Temple
  4840 | Temple   | Became a worshipper of Makhleb the Destroyer
  5068 | D:6      | Noticed a hornet
  5077 | D:6      | Killed a hornet
  5078 | D:6      | Reached skill level 8 in Axes
  5479 | D:6      | Found a basalt altar of Yredelemnul.
  5491 | D:6      | Reached XP level 9. HP: 30/61 MP: 9/9
  5780 | D:6      | Reached skill level 9 in Axes
  5942 | D:7      | Reached skill level 1 in Armour
  6130 | D:7      | HP: 2/62 [something/magic dart (3)]
  6131 | D:7      | Mangled by an orc warrior

Illustrated notes

Levels and vault maps discovered:
D:1:      roderic_lyre, layout_loops_ring, chequers_serial_rivers_small_3
D:2:      layout_rooms, serial_bayou, serial_bayou_pond_d, serial_bayou_pond_e,
          serial_bayou_ford_a, serial_bayou_lake_a,
          ebering_ecumenical_altar_box, basic_altar,
          chequers_serial_rivers_micro_c
D:3:      kb_forest_paths, layout_basic, nicolae_overflow_hidden_temple,
          mainiacjoe_overflow_surrounded_room
D:4:      layout_rooms, serial_shops, shop, kennysheep_generic_room_8
D:5:      kennysheep_six_static_rooms, layout_basic,
          nicolae_qazlal_scattered_showers, minmay_misc_feat_four_crosses,
          roderic_roman_lattice
D:6:      layout_basic, nicolae_yredelemnul_corpse_copse,
          minmay_temple_entry_trees
D:7:      layout_cave_pods, minitemple, uniq_menkaure
Temple:   minmay_temple_bridge_d

Skill      XL: |  1  2  3  4  5  6  7  8  9 |
---------------+----------------------------+-----
Axes           | 4 5 6 7 8 9 |  9.0
Long Blades    | 2 3 4 5 7 |  7.6
Armour         | 1 |  1.1
Dodging        | 3 |  3.0
Fighting       | |  2.4
Throwing       | |  1.7

Action                     |  1- 3 |  4- 6 |  7- 9 || total
---------------------------+-------+-------+-------++-------
  Melee: War axe           |    71 |    23 |       ||    94
         Dagger            |    40 |       |       ||    40
         Falchion          |    18 |    97 |   162 ||   277
         Hand axe          |       |    67 |   168 ||   235
    Use: Scroll            |       |    11 |       ||    11
         Potion            |       |     1 |     1 ||     2
   Stab: Sleeping          |       |       |     1 ||     1
 Armour: Leather armour    |    41 |    81 |   107 ||   229
  Dodge: Dodged            |    54 |    61 |   110 ||   225

Table legend: (Time is in decaauts)
 A = Elapsed time spent in this place.
 B = Non-inter-level travel time spent in this place.
 C = Inter-level travel time spent in this place.
 D = Time resting spent in this place.
 E = Time spent auto-exploring this place.
 F = Levels seen in this place.
 G = Mean time per level.
                   A        B        C        D        E       F      G
               +--------+--------+--------+--------+--------+-----+--------+
         Total |   6194 |   5819 |    375 |    729 |   4144 |   8 |  774.2 |
       Dungeon |   6029 |   5791 |    238 |    729 |   4144 |   7 |  861.3 |
        Temple |    164 |     27 |    137 |      0 |      0 |   1 |  164.0 |
               +--------+--------+--------+--------+--------+-----+--------+

Top non-repeatable levels by time:
     D:5: 1388 daAuts
     D:3: 1176 daAuts
     D:6: 1082 daAuts
     D:1: 858 daAuts
     D:2: 700 daAuts
     D:4: 626 daAuts
     D:7: 198 daAuts
  Temple: 164 daAuts
